 Dungeon Crawl Stone Soup version 0.15.0-33-gdde9071 (console) character file.

44676 gw the Bludgeoner (level 13, -2/126 HPs)
             Began as a Deep Dwarf Gladiator on Sept 14, 2014.
             Was the Champion of Makhleb.
             Slain by an orc warrior
             ... wielding a +0 battleaxe
              (5 damage)
             ... on Level 4 of the Orcish Mines.
             The game lasted 00:21:01 (18753 turns).

gw the Bludgeoner (Deep Dwarf Gladiator)           Turns: 18753, Time: 00:21:01

HP  -2/126       AC 21     Str 20      XL: 13   Next: 97%
MP   6/6         EV  8     Int  7 (9)  God: Makhleb [******]
Gold 0           SH  0     Dex 17      Spells:  0 memorised, 12 levels left

rFire  + . .     SeeInvis +     a - +6 dire flail
rCold  . . .     Clarity  .     E - +1 chain mail {rF+}
rNeg   + . .     rCorr    .     (no shield)
rPois  .         rRot     .     c - +0 helmet (curse)
rElec  .         Spirit   .     t - +0 cloak {+Inv}
SustAb .         Warding  .     F - +1 pair of gloves "Omuh" {+Rage rN+}
rMut   .         Stasis   .     n - +0 pair of boots (curse)
Gourm  .                        w - cursed amulet of faith
MR     +....                    (no ring)
                                x - cursed ring of see invisible

@: lethally poisoned, exhausted, non-regenerating, slowed, very slow, somewhat
resistant to hostile enchantments, extremely unstealthy
A: damage resistance, recharge devices, rugged brown scales 1, low mp 1, sense
surroundings 2, slow healing 3, wild magic 1
a: Device Recharging, Minor Destruction, Lesser Servant of Makhleb, Major
Destruction, Greater Servant of Makhleb, Renounce Religion, Evoke Berserk Rage,
Evoke Invisibility


You were on level 4 of the Orcish Mines.
You worshipped Makhleb.
Makhleb was exalted by your worship.
You were hungry.

You visited 4 branches of the dungeon, and saw 25 of its levels.
You also visited: Volcano.

Inventory:

Hand weapons
 a - a +6 dire flail (weapon)
Missiles
 d - 6 throwing nets
 h - 152 bolts
 v - 10 bolts of frost
 A - 2 poisoned bolts
Armour
 c - a cursed +0 helmet (worn)
 n - a cursed +0 pair of boots (worn)
 t - a +0 cloak of darkness (worn)
 E - a +1 chain mail of fire resistance (worn)
 F - the +1 pair of gloves "Omuh" (worn) {+Rage rN+}
   (You found it on level 5 of the Lair of Beasts)

   It protects you from negative energy.
   It lets you go berserk.
Magical devices
 e - a wand of heal wounds (3)
 j - a wand of enslavement (6)
 o - a wand of invisibility (3)
 q - a wand of teleportation (6)
 y - a wand of flame (7)
 z - a wand of disintegration (6)
 C - a wand of polymorph (5)
 G - a wand of heal wounds (0)
 H - a wand of fireball (4)
 I - a wand of frost (11)
Comestibles
 f - 9 bread rations
 i - 2 royal jellies
 k - 6 meat rations
 m - 17 fruits
 p - 9 beef jerkies
 B - 4 slices of pizza
Scrolls
 g - 4 scrolls of teleportation
 l - 13 scrolls of identify
 s - 6 scrolls of remove curse
Jewellery
 w - a cursed amulet of faith (around neck)
 x - a cursed ring of see invisible (left hand)
Potions
 b - 4 potions of curing
 u - 2 potions of restore abilities
 D - 4 potions of berserk rage


   Skills:
 + Level 10.1 Fighting
 * Level 15.8 Maces & Flails
 - Level 1.7 Throwing
 + Level 12.0 Armour
 - Level 3.2 Dodging
 + Level 12.7 Invocations


You had 12 spell levels left.
You didn't know any spells.

Dungeon Overview and Level Annotations

Branches:
Dungeon (12/15)            Temple (1/1) D:7             Orc (4/4) D:10
   Lair (8/8) D:11         Shoals (0/5) Lair:3        Snake (0/5) Lair:6
    Elf: Orc:3-4      Slime: Lair:6-8

Altars:
Ashenzari
Cheibriados
Dithmenos
Elyvilon
Fedhas
Kikubaaqudgha
Makhleb
Nemelex Xobeh
Okawaru
Qazlal
Sif Muna
Trog
Vehumet
Xom
Yredelemnul
Zin
The Shining One

Shops:
D:4 *   D:6 [   D:12 *   Orc:2 ?

Annotations:
D:4 exclusion: downstairs


Innate Abilities, Weirdness & Mutations

You are resistant to damage.
You can recharge devices by infusing magical energy.
You passively map the area around you.
You do not heal naturally.
You are partially covered in rugged brown scales (AC +1, +3% HP).
Your magical capacity is low (-10% MP).
Your spells are a little harder to cast, but a little more powerful.


Message History

The orc knight looks slightly unstable.
The orc warrior hits you with a battleaxe.
Use which ability? (? or * to list) Charge which item? (? for menu, Esc to quit)
You don't have any such object.
Charge which item? (? for menu, Esc to quit)
Your wand of heal wounds (0) glows for a moment and now has 3 charges.
The orc warrior hits you but does no damage.
The orc warrior hits you with a battleaxe!!
The orc warrior hits you but does no damage.
Your hellwing hits the orc knight!
The orc knight dies!
Makhleb accepts your collateral kill.
Your Armour skill increases to level 12!
The orc hits you but does no damage.
The orc warrior hits you with an uncursed battleaxe!
The orc unwields an uncursed arbalest.
The orc wields an uncursed hand axe.
The orc hits you but does no damage.
The orc warrior hits you with a battleaxe!
You die...

.........(..(...#
,................#
.........(.......##
.##..##)(##.......##
~.......)(.##..#....####
~.....oo)..#......###.##
~~...o............#...##
~~~~.oo...#.o#oo[###...#
#~~~~.....#(oog.#.###.##
.oo........o#o........## ,,
.........(oo..........# * ~
~~.....#.4.......##..## ~
......#)...#...##....# ~
,.........(.##........## ,
......#.(..##......##### ,
.....##.......).#.###..###
##..##..........)((#.....##


You could see 6 orc warriors, 2 orcs and a friendly hellwing.

Table legend:
 A = Turns spent in this place as a percentage of turns spent in the entire game.
 B = Non-inter-level travel turns spent in this place as a percentage of non-inter-level travel turns spent in the entire game.
 C = Inter-level travel turns spent in this place as a percentage of turns spent in this place.
 D = Turns resting spent in this place as a percentage of non-inter-level travel turns spent in this place.
 E = Turns spent auto-exploring this place as a percentage of non-inter-level travel turns spent in this place.
 F = Non-inter-level travel turns spent in this place divided by the number of levels of this place that you've seen.
                   A       B       C       D       E      F
               +-------+-------+-------+-------+-------+----------------------
         Total | 100.0 | 100.0 |   1.6 |   0.2 |  10.1 | 413.1
       Dungeon |  56.5 |  56.7 |   1.2 |   0.2 |   9.4 | 507.5
        Temple |   0.9 |   0.9 |   1.0 |   0.0 |  16.7 | 102.0
  Orcish Mines |  11.4 |  11.5 |   0.7 |   0.2 |  11.6 | 309.8
          Lair |  28.3 |  27.9 |   2.8 |   0.2 |  11.0 | 375.2
       Volcano |   2.8 |   2.9 |   0.0 |   0.0 |   8.1 | 308.0
               +-------+-------+-------+-------+-------+----------------------

Table legend:
 A = Kills in this place as a percentage of kills in entire the game.
 B = Kills by you in this place as a percentage of kills by you in the entire game.
 C = Kills by friends in this place as a percentage of kills by friends in the entire game.
 D = Other kills in this place as a percentage of other kills in the entire game.
 E = Experience gained in this place as a percentage of experience gained in the entire game.
 F = Experience gained in this place divided by the number of levels of this place that you have seen.
                   A       B       C       D       E      F
               +-------+-------+-------+-------+-------+----------------------
         Total | 100.0 | 100.0 | 100.0 |  -nan | 100.0 | 2454.8
       Dungeon |  48.3 |  48.1 |  53.3 |  -nan |  44.2 | 2352.5
  Orcish Mines |  21.9 |  22.6 |   6.7 |  -nan |   9.4 | 1507.0
          Lair |  26.8 |  27.5 |  13.3 |  -nan |  43.0 | 3430.2
       Volcano |   2.9 |   1.8 |  26.7 |  -nan |   3.3 | 2124.0
               +-------+-------+-------+-------+-------+----------------------

Vanquished Creatures
  Maud (Lair:6)
  A blizzard demon (D:12)
  A hydra (Lair:7)
  2 centaur warriors
  3 skeletal warriors (D:11)
  3 unseen horrors
  Erolcha (D:10)
  2 hill giants
  An orc sorcerer (Orc:4)
  2 griffons (Lair:7)
  An ugly thing (D:12)
  3 black mambas
  3 manticores
  4 cyclopes
  A centaur zombie (D:11)
  Maurice (D:11)
  Joseph (Orc:1)
  5 fire drakes
  A gargoyle (D:10)
  9 spiny frogs
  8 komodo dragons
  2 kobold demonologists (D:12)
  A polar bear (Lair:7)
  3 blink frogs (Lair:7)
  A troll (D:12)
  4 slime creatures (D:12)
  2 basilisks
  2 flying skulls (Volcano)
  A spriggan (Lair:1)
  2 wyverns
  A shadow (D:9)
  6 yaks
  8 hippogriffs
  3 fire bats (Lair:8)
  A neqoxec (Orc:4)
  A deep elf fighter (D:11)
  A chaos spawn (D:12)
  Menkaure (Volcano)
  4 wolves (Lair:5)
  9 water moccasins
  A mottled dragon (D:12)
  7 porcupines
  3 wargs
  2 nagas (Lair:6)
  A merfolk skeleton (Volcano)
  A black bear (D:6)
  2 phantoms
  4 sky beasts
  17 orc warriors
  11 ice beasts
  A manticore skeleton (Volcano)
  4 necrophages (Lair:5)
  7 centaurs
  9 ogres
  4 big kobolds
  11 crocodiles
  2 boring beetles
  2 brain worms
  17 giant frogs
  4 scorpions
  A killer bee (D:9)
  5 wights (D:11)
  A troll skeleton (Volcano)
  A vampire bat (Lair:7)
  8 crimson imps
  4 goliath beetles
  16 orc priests
  A jelly (Lair:8)
  A giant frog skeleton (D:7)
  6 worker ants
  Crazy Yiuf (D:2)
  7 iguanas
  A two-headed ogre skeleton (Volcano)
  9 hounds
  An iron imp (D:12)
  26 orc wizards
  3 centaur skeletons
  3 ogre zombies
  10 sheep
  3 mummies (Volcano)
  22 adders
  3 gnolls (D:9)
  3 giant mites
  48 green rats
  3 shadow imps
  3 white imps
  An inept item mimic (Orc:1)
  2 worms (D:2)
  3 orc zombies
  2 giant geckos
  An ooze (D:2)
  127 orcs
  2 ball pythons
  32 bats
  5 giant cockroaches
  21 goblins
  22 hobgoblins
  4 jackals
  6 quokkas
  A giant newt (D:5)
  14 kobolds
  2 kobold skeletons
  17 rats
  A plant (Lair:5)
670 creatures vanquished.

Vanquished Creatures (collateral kills)
  Gastronok (Lair:1)
  Josephine (D:11)
  A skeletal warrior (D:11)
  An unseen horror (D:12)
  An orc knight (Orc:4)
  A manticore (D:12)
  A griffon (Lair:3)
  2 sphinx skeletons (Volcano)
  A kobold demonologist (D:12)
  A blink frog (Lair:7)
  5 slime creatures (D:12)
  2 vampires (Volcano)
  An orc warrior (Orc:4)
  A merfolk skeleton (Volcano)
  A crocodile (Lair:1)
  A komodo dragon zombie (D:11)
  A giant frog skeleton (D:11)
  A two-headed ogre skeleton (Volcano)
  A yak simulacrum (D:11)
  A naga skeleton (Volcano)
  An ogre skeleton (Volcano)
  An adder (D:11)
  2 orcs (D:11)
30 creatures vanquished.

Vanquished Creatures (others)
  A blizzard demon (D:11)
  2 orange demons
  4 smoke demons
  A ynoxinul (D:11)
  An orc wizard (Orc:1)
  4 ufetubi (D:11)
13 creatures vanquished.

Grand Total: 713 creatures vanquished

Notes
Turn   | Place    | Note
--------------------------------------------------------------
     0 | D:1      | gw, the Deep Dwarf Gladiator, began the quest for the Orb.
     0 | D:1      | Reached XP level 1. HP: 19/19 MP: 1/1
   119 | D:1      | Reached XP level 2. HP: 24/26 MP: 2/2
   211 | D:1      | Reached skill level 1 in Armour
   595 | D:2      | Reached XP level 3. HP: 32/32 MP: 3/3
   824 | D:2      | Reached skill level 4 in Maces & Flails
   864 | D:2      | Noticed Crazy Yiuf
   880 | D:2      | Killed Crazy Yiuf
   880 | D:2      | Reached XP level 4. HP: 28/39 MP: 4/4
  1301 | D:2      | Found a sparkling altar of Nemelex Xobeh.
  1862 | D:3      | Reached XP level 5. HP: 20/46 MP: 5/5
  2000 | D:4      | Found Khepnagh's Assorted Antiques.
  2105 | D:4      | Noticed an ogre
  2187 | D:3      | Gained mutation: Your magical capacity is low (-10% MP). [potion of mutation]
  2187 | D:3      | Gained mutation: You are partially covered in rugged brown scales (AC +1, +3% HP). [potion of mutation]
  2187 | D:3      | Gained mutation: Your spells are a little harder to cast, but a little more powerful. [potion of mutation]
  2416 | D:4      | Reached skill level 5 in Maces & Flails
  2734 | D:4      | Noticed a phantom
  2837 | D:4      | Killed an ogre
  3105 | D:5      | Entered Level 5 of the Dungeon
  3168 | D:4      | Reached XP level 6. HP: 28/56 MP: 5/5
  3221 | D:5      | Noticed an orc warrior
  3239 | D:5      | Killed an orc warrior
  3239 | D:5      | Reached skill level 6 in Maces & Flails
  3255 | D:5      | Noticed an ice beast
  3270 | D:5      | Killed an ice beast
  3270 | D:5      | Reached XP level 7. HP: 34/63 MP: 6/6
  3344 | D:5      | Noticed a sky beast
  3372 | D:5      | Killed a sky beast
  3432 | D:5      | Reached skill level 7 in Maces & Flails
  3679 | D:5      | Noticed an orc warrior
  3701 | D:5      | Killed an orc warrior
  4313 | D:6      | Reached XP level 8. HP: 37/74 MP: 6/6
  4450 | D:6      | Reached skill level 8 in Maces & Flails
  4481 | D:6      | Found Uffaf's Antique Armour Shop.
  5088 | D:7      | Reached skill level 5 in Armour
  5390 | D:7      | Found a staircase to the Ecumenical Temple.
  5402 | Temple   | Entered the Ecumenical Temple
  5433 | Temple   | Became a worshipper of Makhleb the Destroyer
  5591 | D:7      | Reached skill level 1 in Invocations
  5723 | D:7      | Reached skill level 5 in Fighting
  5723 | D:7      | Reached skill level 9 in Maces & Flails
  6001 | D:8      | Gained mutation: You passively map the area around you. [level up]
  6001 | D:8      | Reached XP level 9. HP: 34/83 MP: 8/9
  6028 | D:8      | Acquired Makhleb's first power
  6537 | D:9      | Found a radiant altar of Vehumet.
  6650 | D:9      | Found a sparkling altar of Nemelex Xobeh.
  6823 | D:9      | Acquired Makhleb's second power
  6928 | D:9      | Killed an unseen horror
  6928 | D:9      | Reached skill level 10 in Maces & Flails
  6928 | D:9      | Reached skill level 5 in Invocations
  7016 | D:9      | Found a shadowy altar of Dithmenos.
  7275 | D:10     | Entered Level 10 of the Dungeon
  7275 | D:10     | Noticed a manticore
  7296 | D:10     | Killed a manticore
  7296 | D:10     | Reached XP level 10. HP: 39/93 MP: 13/14
  7315 | D:10     | Noticed a hill giant
  7335 | D:10     | Killed a hill giant
  7374 | D:10     | Found a staircase to the Orcish Mines.
  7786 | D:10     | Noticed Erolcha
  7800 | D:10     | Killed Erolcha
  7800 | D:10     | Reached skill level 11 in Maces & Flails
  7815 | D:10     | Noticed a gargoyle
  7847 | D:10     | Killed a gargoyle
  7869 | D:10     | Acquired Makhleb's third power
  7963 | D:10     | Found a glowing golden altar of the Shining One.
  8202 | D:10     | Killed an unseen horror
  8462 | D:11     | Acquired Makhleb's fourth power
  8536 | D:11     | Noticed a cyclops
  8553 | D:11     | Killed a cyclops
  8682 | D:11     | Noticed Josephine
  8755 | D:11     | Reached XP level 11. HP: 66/103 MP: 13/13
  8808 | D:11     | Reached skill level 12 in Maces & Flails
  8879 | D:11     | Killed Josephine
  8901 | D:11     | Noticed a hill giant
  8905 | D:11     | Noticed a cyclops
  8923 | D:11     | Acquired Makhleb's fifth power
  8997 | D:11     | Killed a hill giant
  9052 | D:11     | Killed a cyclops
  9086 | D:11     | Noticed Maurice
  9182 | D:11     | Killed an unseen horror
  9493 | D:11     | Killed Maurice
  9543 | D:11     | Found a staircase to the Lair.
  9555 | D:11     | Noticed a skeletal warrior
  9555 | D:11     | Noticed a skeletal warrior
  9555 | D:11     | Noticed a skeletal warrior
  9583 | D:11     | Killed a skeletal warrior
  9608 | D:11     | Killed a skeletal warrior
  9610 | D:11     | Noticed a skeletal warrior
  9643 | D:11     | Killed a skeletal warrior
  9667 | D:11     | Killed a skeletal warrior
  9708 | Lair:1   | Entered Level 1 of the Lair of Beasts
  9852 | Lair:1   | Noticed Gastronok
  9879 | Lair:1   | Killed Gastronok
  9879 | Lair:1   | Reached skill level 13 in Maces & Flails
 10568 | Lair:2   | Reached XP level 12. HP: 87/114 MP: 10/10
 10770 | Lair:2   | Reached skill level 10 in Armour
 11639 | Lair:3   | Found a staircase to the Shoals.
 12495 | Lair:4   | You fall through a shaft for 2 floors!
 12636 | Lair:6   | Reached skill level 10 in Invocations
 12928 | Lair:6   | Found a staircase to the Snake Pit.
 12994 | Lair:6   | Noticed Maud
 13043 | Lair:6   | Killed Maud
 13430 | Lair:7   | Reached skill level 14 in Maces & Flails
 13516 | Lair:7   | Noticed a six-headed hydra
 13528 | Lair:7   | Killed a six-headed hydra
 14473 | Lair:7   | Reached XP level 13. HP: 68/124 MP: 7/7
 14634 | Lair:8   | Entered Level 8 of the Lair of Beasts
 14755 | Lair:8   | Found a dark tunnel.
 14765 | Volcano  | Entered a volcano
 14856 | Volcano  | Noticed Menkaure
 14861 | Volcano  | Killed Menkaure
 15472 | Lair:5   | Got a pair of pitted gloves
 15478 | Lair:5   | Identified the +1 pair of gloves "Omuh" {+Rage rN+} (You found it on level 5 of the Lair of Beasts)
 15859 | Lair:5   | Reached skill level 15 in Maces & Flails
 16292 | D:12     | Found Cruamid's General Store.
 17312 | Orc:1    | Entered Level 1 of the Orcish Mines
 17316 | Orc:1    | Reached skill level 10 in Fighting
 17324 | Orc:1    | Noticed Joseph
 17345 | Orc:1    | Killed Joseph
 17864 | Orc:2    | Found Zaenausa's Magic Scroll Emporium.
 18360 | Orc:4    | Entered Level 4 of the Orcish Mines
 18753 | Orc:4    | HP: 3/126 [orc warrior/uncursed battleaxe (9)]
 18753 | Orc:4    | Slain by an orc warrior

Action                   |  1- 3 |  4- 6 |  7- 9 | 10-12 | 13-15 || total
-------------------------+-------+-------+-------+-------+-------++-------
Melee: Flail             |   124 |   217 |       |       |       ||   341
       Dire flail        |       |    12 |   483 |   843 |   637 ||  1975
Invok: Minor Destruction |       |       |    23 |   369 |   224 ||   616
       Lesser Servant of |       |       |       |    12 |     3 ||    15
       Greater Servant o |       |       |       |     1 |     3 ||     4
       Major Destruction |       |       |       |     2 |     2 ||     4
 Abil: Device Recharging |       |       |     2 |    17 |     3 ||    22
       Evoke Berserk Rag |       |       |       |       |     3 ||     3
Evoke: Wand              |     1 |    15 |    22 |    86 |    21 ||   145
  Use: Potion            |     2 |     7 |     3 |     3 |     1 ||    16
       Scroll            |     1 |    10 |     6 |     9 |     5 ||    31
 Stab: Distracted        |       |       |       |     6 |     1 ||     7
  Eat: Chunk             |       |     5 |    13 |    24 |    19 ||    61
       Bread ration      |       |     1 |       |     3 |     1 ||     5

Vault maps used:
D:1:      dpeg_arrival_long_road
D:2:      grunt_decor_cap, nemelex_diamond_rough_becter, uniq_crazy_yiuf_cottage
D:4:      serial_shops, nicolae_shop_behind_doors, first_bread
D:6:      serial_shops, shop
D:7:      minmay_temple_entry_junction2, grunt_ogre_cave
D:8:      minmay_misc_feat_doors
D:9:      hangedman_feature_mirror, nemelex_lonely_heart_becter
D:10:     david_orc_2, tso_altar, uniq_erolcha
D:11:     grunt_lair_entry_elf_guard_hut, portal_ice_cave_entry_ice_beasts,
          minmay_misc_feat_iff, minmay_nine_imps, uniq_josephine, uniq_maurice
D:12:     serial_shops, nicolae_shop_behind_doors
Temple:   grunt_circular_temple_18
Orc:1:    uniq_joseph
Orc:2:    serial_shops, shop, library_closet
Orc:3:    nicolae_orc_pool_cavern, uniq_snorg, uniq_donald
Orc:4:    basic_altar, st_orc_rangers
Lair:1:   grunt_forest_stairs_basic, grunt_forest_large_clearing_hut,
          uniq_gastronok
Lair:3:   minmay_shoals_entry_beasts
Lair:4:   infiniplex_staircase_pool, serial_bayou_shore_b
Lair:5:   roderic_carrion_pond
Lair:6:   guppyfry_snake_entry_island, uniq_maud
Lair:7:   roderic_batcave, kennysheep_catoblepas_arena
Lair:8:   evilmike_catoblepas_cave, minmay_slime_entry_pillars,
          nicolae_volcano_entry_batcave, st_stairs_12, disabler_island
Volcano:  volcano_tomb
